 Dungeon Crawl Stone Soup version 0.29.0-4-gdea44cf6ec (webtiles) character file.

Game seed: 2974944213724746026

228 qw the Ruffian (level 6, -1/48 HPs)
             Began as a Ghoul Fire Elementalist on Aug 29, 2022.
             Slain by a gnoll
             ... wielding a +0 flail
              (9 damage)
             ... on level 3 of the Dungeon.
             The game lasted 00:03:31 (4510 turns).

qw the Ruffian (Ghoul Fire Elementalist)            Turns: 4510, Time: 00:03:31

Health: -1/48      AC:  5    Str: 14    XL:     6   Next: 2%
Magic:  7/7        EV: 10    Int: 10    God:
Gold:   113        SH:  0    Dex:  9    Spells: 7/8 levels left

rFire   . . .      SeeInvis .     - Unarmed
rCold   + . .      Faith    .   (no shield)
rNeg    + + +      Spirit   .   f - +0 ring mail
rPois   inf        Reflect  .   (no helmet)
rElec   .          Harm     .   (no cloak)
rCorr   .          Rampage  .   (no gloves)
Will    .....                   (no boots)
Stlth   +.........              (no amulet)
HPRegen 0.00/turn               (no ring)
MPRegen 0.10/turn               (no ring)

@: about to teleport, inhibited regen
A: claws 1, cold resistance 1, negative energy resistance 3, inhibited
regeneration, torment resistance 2, devour on kill
a: no special abilities


You were on level 3 of the Dungeon.
You visited 1 branch of the dungeon, and saw 3 of its levels.

You collected 113 gold pieces.


Innate Abilities, Weirdness & Mutations

You are immune to poison.
You have sharp fingernails.
Your flesh is cold resistant. (rC+)
You are immune to negative energy. (rN+++)
You do not regenerate when monsters are visible.
You are immune to unholy pain and torment.
You thrive by killing the living.


   Skills:
 - Level 2.0 Fighting
 - Level 1.0 Throwing
 - Level 1.7 Dodging
 - Level 2.1 Stealth
 + Level 5.4 Unarmed Combat
 - Level 1.7 Spellcasting
 - Level 0.7 Conjurations
 - Level 2.4 Fire Magic


You had 7 spell levels left.
You knew the following spells:

 Your Spells              Type           Power      Damage    Failure   Level
a - Foxfire               Conj/Fire      16%        2x1d4     34%         1

Your spell library contained the following spells:

 Spells                   Type           Power      Damage    Failure   Level
 Scorch                   Fire           10%        2d6       36%         2
 Conjure Flame            Conj/Fire      4%         6-21      71%         3
 Inner Flame              Hex/Fire       3%         N/A       77%         3
 Flame Wave               Conj/Fire      4%         2d5       98%         4

Inventory:

Missiles
 h - a silver javelin (quivered)
Armour
 d - a +0 scale mail
 f - a +0 ring mail (worn)
Wands
 b - a wand of digging (2)
Scrolls
 e - a scroll of identify
Potions
 c - a potion of heal wounds
 i - a potion of flight {unknown}
 j - a potion of curing {unknown}

Dungeon Overview and Level Annotations

Branches:
Dungeon (3/15)

Altars:
Ashenzari

Shops:
D:2 (

Annotations:
D:2 1 runed translucent door, Crazy Yiuf


Message History

The orc hits you from afar with a +0 trident.
The orc hits you but does no damage.
You scratch the orc.
The orc is moderately wounded.
The orc hits you with a +0 trident!
A gnoll bouda comes into view. It is wielding a +0 club.
You barely miss the orc.
The orc is moderately wounded.
The orc closely misses you.
A gnoll comes into view. It is wielding a +0 flail.
The gnoll bouda shouts!
You scratch the orc.
The orc is almost dead.
You hear a shout!
The orc hits you with a +0 trident.
You closely miss the orc.
The orc is almost dead.
The orc hits you with a +0 trident.
The gnoll bouda barks out a call to the hunt!
The gnoll picks up the pace!
You hear a shout!
You barely miss the orc.
The orc is almost dead.
The orc hits you with a +0 trident.
You barely miss the orc.
The orc is severely wounded.
The gnoll hits you with a +0 flail! The orc hits you with a +0 trident.
You claw the orc!
You kill the orc!
You feel better. The gnoll barely misses you.
You scratch the gnoll bouda.
The gnoll bouda is lightly wounded.
The gnoll hits you with a +0 flail.
The gnoll bouda hits you with a +0 club!
4510 ||| READING scroll of teleportation.
As you read the scroll of teleportation, it crumbles to dust.
You feel strangely unstable. The gnoll hits you with a +0 flail!
You die...

g.#............................#o
..##############################.
#+# #' # ############### #
.....#8..8#.... # 8..'....'.... #
.'....'.. # #gg..# # #.@..# #
#...(# # #...(# ). #+# #...(# #'
..#############''''#############.
go#.................)))........#.
###~~~~~~~~~~~~....~~~~~~~~~~~g##
~~~~~~~~~~~~~~~.)..~~~~~~~~~~~~~~
~~~~~~~~~~~~~~~....~~~~~~~~~~~~~~


You could see a gnoll bouda and a gnoll (swift).

Vanquished Creatures
  A howler monkey (D:3)
  Jessica (D:2)
  4 gnolls (D:3)
  2 adders (D:3)
  A shadow imp (D:3)
  A worm (D:3)
  2 dart slugs
  9 orcs (D:3)
  6 bats
  4 endoplasms
  3 giant cockroaches
  5 goblins
  8 hobgoblins
  16 jackals
  3 kobolds
  5 ball pythons
  5 frilled lizards
  3 rats (D:1)
79 creatures vanquished.

Vanquished Creatures (others)
  32 plants (D:3)
32 creatures vanquished.

Grand Total: 111 creatures vanquished

Notes
Turn   | Place    | Note
-------+----------+-------------------------------------------
     0 | D:1      | qw the Ghoul Fire Elementalist began the quest for the Orb.
     0 | D:1      | Reached XP level 1. HP: 14/14 MP: 2/2
     0 | D:1      | 0 ||| qw: Version: 0.1-a-90-g952f4b7
     0 | D:1      | 0 ||| qw: Game counter: 3974
     0 | D:1      | 0 ||| qw: Always use a shield: true
     0 | D:1      | 0 ||| qw: God list: Okawaru
     0 | D:1      | 0 ||| qw: Allow faded altars: false
     0 | D:1      | 0 ||| qw: Do Orc after D:15 true
     0 | D:1      | 0 ||| qw: Do second Lair branch before Depths: true
     0 | D:1      | 0 ||| qw: Lair rune preference: random
     0 | D:1      | 0 ||| qw: Plans: Normal
     0 | D:1      | 0 ||| PLANNING D:1-11
    30 | D:1      | HP: 3/14 [constriction (1)]
    32 | D:1      | HP: 1/14 [ball python (1)]
   195 | D:1      | 195 ||| Stepping ~*~*~tactically~*~*~ (stealth).
   196 | D:1      | 196 ||| Stepping ~*~*~tactically~*~*~ (stealth).
   529 | D:1      | Reached skill level 1 in Unarmed Combat
   664 | D:1      | 664 ||| Stepping ~*~*~tactically~*~*~ (outnumbered).
   665 | D:1      | 665 ||| Stepping ~*~*~tactically~*~*~ (stealth).
   668 | D:1      | 668 ||| Stepping ~*~*~tactically~*~*~ (outnumbered).
   675 | D:1      | Reached XP level 2. HP: 11/22 MP: 3/3
   696 | D:1      | Reached skill level 1 in Fighting
  1136 | D:1      | Reached skill level 2 in Unarmed Combat
  1352 | D:1      | Reached XP level 3. HP: 19/28 MP: 4/4
  1637 | D:1      | Found a faded altar of an unknown god.
  1828 | D:1      | 1828 ||| UPGRADING to +0 ring mail.
  1838 | D:1      | 1838 ||| DROPPING +0 robe.
  1839 | D:1      | 1839 ||| READING 2 scrolls labelled SITWIM MARUBB.
  1840 | D:1      | 1840 ||| READING scroll labelled YCHITI VYSUSY.
  1841 | D:1      | 1841 ||| READING scroll labelled WIAPYGHEDDU.
  1842 | D:1      | 1842 ||| READING scroll labelled ULAOFO CEMIGO.
  1843 | D:1      | 1843 ||| DRINKING 2 inky potions.
  1844 | D:1      | 1844 ||| DROPPING potion of magic.
  2094 | D:2      | Noticed Jessica
  2095 | D:2      | 2095 ||| Stepping ~*~*~tactically~*~*~ (hiding).
  2113 | D:2      | Killed Jessica
  2114 | D:2      | Reached skill level 3 in Unarmed Combat
  2114 | D:2      | Reached XP level 4. HP: 22/35 MP: 5/5
  2379 | D:2      | Found a runed translucent door.
  2380 | D:2      | Noticed Crazy Yiuf
  2437 | D:2      | Found Viwore's Weapon Shop.
  2599 | D:2      | 2599 ||| Stepping ~*~*~tactically~*~*~ (stealth).
  2600 | D:2      | 2600 ||| Stepping ~*~*~tactically~*~*~ (stealth).
  2601 | D:2      | 2601 ||| Stepping ~*~*~tactically~*~*~ (stealth).
  2808 | D:2      | Reached skill level 4 in Unarmed Combat
  3057 | D:2      | 3057 ||| READING scroll labelled DAMECHUZEI.
  3058 | D:2      | 3058 ||| READING scroll labelled BUNGES CYEME.
  3110 | D:2      | 3110 ||| READING 2 scrolls of identify.
  3110 | D:2      | 3110 ||| IDENTIFYING grey potion
  3111 | D:2      | 3111 ||| DROPPING potion of degeneration.
  3173 | D:3      | 3173 ||| Stepping ~*~*~tactically~*~*~ (hiding).
  3272 | D:3      | 3272 ||| Stepping ~*~*~tactically~*~*~ (stealth).
  3363 | D:3      | Reached XP level 5. HP: 23/41 MP: 6/6
  3487 | D:3      | 3487 ||| Stepping ~*~*~tactically~*~*~ (water).
  3490 | D:3      | 3490 ||| FLEEEEING.
  3513 | D:3      | 3513 ||| FLEEEEING.
  3514 | D:3      | 3514 ||| FLEEEEING.
  3515 | D:3      | 3515 ||| FLEEEEING.
  3516 | D:3      | 3516 ||| FLEEEEING.
  3517 | D:3      | 3517 ||| FLEEEEING.
  3518 | D:3      | 3518 ||| FLEEEEING.
  3519 | D:3      | 3519 ||| FLEEEEING.
  3520 | D:3      | 3520 ||| FLEEEEING.
  3521 | D:3      | 3521 ||| FLEEEEING.
  3522 | D:3      | 3522 ||| FLEEEEING.
  3523 | D:3      | 3523 ||| FLEEEEING.
  3524 | D:3      | 3524 ||| FLEEEEING.
  3525 | D:3      | 3525 ||| FLEEEEING.
  3526 | D:3      | 3526 ||| FLEEEEING.
  3527 | D:3      | 3527 ||| FLEEEEING.
  3528 | D:3      | 3528 ||| FLEEEEING.
  3901 | D:3      | Found a broken altar of Ashenzari.
  3947 | D:3      | 3947 ||| Stepping ~*~*~tactically~*~*~ (water).
  3954 | D:3      | 3954 ||| FLEEEEING.
  3955 | D:3      | 3955 ||| FLEEEEING.
  3956 | D:3      | 3956 ||| FLEEEEING.
  3957 | D:3      | 3957 ||| FLEEEEING.
  3958 | D:3      | 3958 ||| STAIRDANCE
  4105 | D:2      | 4105 ||| READING scroll labelled ODOBRU WOFY.
  4106 | D:2      | 4106 ||| READING scroll labelled WUGITU FYKHLABB.
  4107 | D:2      | 4107 ||| READING scroll labelled OSCHAOQINEF.
  4108 | D:2      | 4108 ||| READING 2 scrolls of identify.
  4108 | D:2      | 4108 ||| IDENTIFYING green potion
  4109 | D:2      | 4109 ||| DROPPING potion of attraction.
  4288 | D:3      | Reached skill level 5 in Unarmed Combat
  4381 | D:3      | Reached skill level 1 in Throwing
  4421 | D:3      | 4421 ||| Stepping ~*~*~tactically~*~*~ (stealth).
  4451 | D:3      | 4451 ||| Stepping ~*~*~tactically~*~*~ (stealth).
  4460 | D:3      | Reached XP level 6. HP: 40/48 MP: 7/7
  4509 | D:3      | HP: 8/48 [gnoll bouda/+0 club (7)]
  4510 | D:3      | 4510 ||| READING scroll of teleportation.
  4510 | D:3      | Slain by a gnoll

Levels and vault maps discovered:
D:1:      lightli_arrival_statue_moat, layout_basic,
          shapermc_ecumenical_altar_mp_vishouse, st_stairs_5
D:2:      layout_loops_ring, serial_shops, shop, uniq_crazy_yiuf_cottage,
          uniq_jessica
D:3:      lemuel_castle_with_subvaults [lemuel_castle_interior_carwin_2],
          layout_loops_ring, nicolae_ashenzari_skybound, serial_rivers,
          chequers_serial_rivers_small_b, chequers_serial_rivers_small_b,
          chequers_serial_rivers_small_a, chequers_serial_rivers_small_b,
          chequers_mini_garden, serial_bayou_lagoon_a

Skill      XL: |  1  2  3  4  5 |
---------------+----------------+-----
Unarmed Combat | 1 2 3 4 5 |  5.4
Fighting       | 1 2 |  2.0
Throwing       | 1 |  1.0
Dodging        | |  1.7
Stealth        | |  2.1
Spellcasting   | |  1.7
Conjurations   | |  0.7
Fire Magic     | |  2.4

Action                   |  1- 3 |  4- 6 || total
-------------------------+-------+-------++-------
Melee: Unarmed           |   140 |   194 ||   334
       Punch             |     1 |     4 ||     5
Throw: Javelin           |       |    15 ||    15
  Use: Scroll            |     4 |     8 ||    12
       Potion            |     1 |       ||     1
Armor: Robe              |    13 |       ||    13
       Ring mail         |    12 |    58 ||    70
Dodge: Dodged            |    68 |   100 ||   168

Table legend:
 A = Non-vault XP
 B = Vault XP
 C = Vault XP percentage of total XP
 D = Non-vault monster count
 E = Vault monster count
 F = Vault count percentage of total count
                 A         B        C        D         E       F
            +---------+---------+-------+---------+---------+-------
      Total |     124 |     203 |  62.1 |      49 |      30 |  38.0
            +---------+---------+-------+---------+---------+-------
        D:1 |      40 |       3 |   7.0 |      23 |       2 |   8.0
        D:2 |      36 |      37 |  50.7 |      19 |       1 |   5.0
        D:3 |      48 |     163 |  77.3 |       7 |      27 |  79.4
            +---------+---------+-------+---------+---------+-------
